 Dungeon Crawl Stone Soup version 0.27.0-1-g7a089689b8 (webtiles) character file.

Game seed: 8994763276014675649

246 Descartes the Vexing (level 5, -1/25 HPs)
             Began as a Spriggan Arcane Marksman on Aug 12, 2021.
             Splashed by Ijyb's acid (9 damage)
             ... on level 4 of the Dungeon.
             The game lasted 00:08:38 (5953 turns).

Descartes the Vexing (Spriggan Arcane Marksman)     Turns: 5953, Time: 00:08:42

Health: -1/25      AC:  2    Str:  7    XL:     5   Next: 84%
Magic:  10/10      EV: 18    Int: 14    God:
Gold:   126        SH:  0    Dex: 16    Spells: 9/10 levels left

rFire    . . .     SeeInvis +   a - +0 hunting sling
rCold    . . .     Faith    .   (shield restricted)
rNeg     . . .     Spirit   .   d - +0 robe
rPois    .         Reflect  .   (helmet restricted)
rElec    .         Harm     .   (no cloak)
rCorr    .         Rampage  .   (gloves unavailable)
Will     .....                  (boots unavailable)
Stlth    ++........             (no amulet)
HPRegen  0.08/turn              (no ring)
MPRegen  0.12/turn              (no ring)

@: very quick
A: very small, no large weapons, unfitting armour, see invisible, speed 3
a: no special abilities


You were on level 4 of the Dungeon.
You visited 1 branch of the dungeon, and saw 4 of its levels.

You collected 126 gold pieces.

Inventory:

Hand Weapons
 a - a +0 hunting sling (weapon)
 b - a +0 short sword
 o - a +2 whip of venom
Missiles
 g - 92 stones (quivered ammo)
 i - 15 bolts
 k - 7 curare-tipped darts
 m - 11 arrows
Armour
 d - a +0 robe (worn)
Scrolls
 c - 2 scrolls of fog {unknown}
 e - a scroll of enchant weapon {unknown}
 j - a scroll of teleportation {unknown}
 l - 3 scrolls of identify {unknown}
 n - a scroll of amnesia {unknown}
Potions
 f - 3 potions of attraction {unknown}
 h - a potion of haste {unknown}
 p - a potion of brilliance {unknown}


   Skills:
 - Level 0.7 Fighting
 + Level 2.3 Short Blades
 + Level 3.8 Slings
 + Level 4.1 Dodging
 + Level 3.4 Stealth
 - Level 3.0 Spellcasting
 + Level 4.6 Hexes


You had 9 spell levels left.
You knew the following spells:

 Your Spells              Type           Power      Damage    Failure   Level
a - Corona                Hex            16%        N/A       3%          1

Your spell library contained the following spells:

 Spells                   Type           Power      Damage    Failure   Level
 Slow                     Hex            15%        N/A       4%          2
 Inner Flame              Hex/Fire       8%         N/A       26%         3
 Portal Projectile        Hex/Tloc       16%        N/A       26%         3
 Cause Fear               Hex            7%         N/A       32%         4


Dungeon Overview and Level Annotations

Branches:
Dungeon (4/15)
 Temple: D:4-7

Altars:
Elyvilon
Uskayaw

Annotations:
D:4 Ijyb


Innate Abilities, Weirdness & Mutations

You are very small and have problems with some larger weapons.
You are too small for most types of armour.
You have supernaturally acute eyesight. (SInv)
You cover ground extremely quickly. (Speed+++)


Message History

You shoot a stone. The stone barely misses the gnoll.
The gnoll hits you from afar with a +0 spear.
You are too injured to fight recklessly!
You are too injured to fight recklessly!
You are too injured to fight recklessly!
The gnoll shaman mumbles some strange prayers to its god against you.
You easily resist.
You see here a throwing net.
Really attack while wielding your +0 hunting sling? [Y]es or [N]o only, please.
Really attack while wielding your +0 hunting sling? [Y]es or [N]o only, please.
Really attack while wielding your +0 hunting sling? [Y]es or [N]o only, please.
Really attack while wielding your +0 hunting sling?
Okay, then.
The gnoll shaman calls down the wrath of its god upon you.
You easily resist.
Something hits the plant.
The plant begins to die.
You see here a bullfrog corpse.
There is a stone staircase leading up here.
You climb upwards.
There is a stone staircase leading down here.
HP restored.
Done exploring.
There is a stone staircase leading down here.
You climb downwards.
An endoplasm and Ijyb come into view.
Ijyb is wielding a +0 dagger and carrying a wand of acid (9).
Found an amethyst potion.
There is a stone staircase leading up here.
There are monsters nearby!
You shoot a stone. The stone completely misses Ijyb.
You shoot a stone. The stone hits Ijyb.
Ijyb is lightly wounded.
The endoplasm quivers.
Ijyb zaps a wand.
The bolt of acid hits you!
Ouch! That really hurt!
You are splashed with acid!
You die...

#. .! . #.
.####. .. ..
.....J ...##
. #....#
.....#....##
..#......#
#.#......#
#...@...#
..........##
..........#
....g......#
..##.......#
. #.....###
###...#
...##


You could see Ijyb and an endoplasm.

Vanquished Creatures
  A bullfrog (D:4)
  Robin (D:3)
  5 gnolls (D:3)
  2 adders (D:3)
  A worm (D:2)
  A dart slug (D:1)
  3 bats (D:1)
  3 endoplasms
  15 giant cockroaches
  11 goblins
  11 hobgoblins
  11 jackals
  6 ball pythons
  3 frilled lizards (D:1)
  9 kobolds
  10 rats
93 creatures vanquished.

Vanquished Creatures (others)
  A plant (D:4)
1 creature vanquished.

Grand Total: 94 creatures vanquished

Notes
Turn   | Place    | Note
-------+----------+-------------------------------------------
     0 | D:1      | Descartes the Spriggan Arcane Marksman began the quest for
                  | the Orb.
     0 | D:1      | Reached XP level 1. HP: 9/9 MP: 3/3
   150 | D:1      | Reached skill level 1 in Stealth
   150 | D:1      | Reached XP level 2. HP: 14/14 MP: 5/5
   579 | D:1      | Reached XP level 3. HP: 17/17 MP: 7/7
  1631 | D:2      | Reached skill level 1 in Short Blades
  2007 | D:2      | Reached XP level 4. HP: 20/21 MP: 8/8
  3508 | D:3      | Noticed Robin
  4364 | D:3      | Found a hide-covered altar of Uskayaw.
  4793 | D:3      | Found a white marble altar of Elyvilon.
  4835 | D:3      | Reached XP level 5. HP: 15/25 MP: 10/10
  5343 | D:3      | Killed Robin
  5736 | D:4      | Noticed a lemure
  5736 | D:4      | Noticed a lemure
  5951 | D:4      | Noticed Ijyb
  5953 | D:4      | Splashed by Ijyb's acid

Illustrated notes

Levels and vault maps discovered:
D:1:      amcnicky_arrival_feature_with_door, layout_basic, serial_glass,
          glass_columns_a, glass_columns_c, minmay_misc_feat_chi, st_stairs_11,
          minmay_misc_feat_ornament
D:2:      minmay_roachtagon, layout_loops_corners
D:3:      layout_rooms, mainiacjoe_overflow_cross_hatched, lemuel_round_altar,
          uniq_robin
D:4:      layout_cave_pools, sigmund_edmund_badplayer, uniq_ijyb, uniq_pikel,
          uniq_blork_the_orc

Skill      XL: |  1  2  3  4  5 |
---------------+----------------+-----
Stealth        | 1 2 3 |  3.4
Dodging        | 3 4 |  4.1
Spellcasting   | 2 3 |  3.0
Hexes          | 4 |  4.6
Slings         | 3 |  3.8
Short Blades   | 1 2 |  2.3
Fighting       | |  0.7

Action                   |  1- 3 |  4- 6 || total
-------------------------+-------+-------++-------
 Fire: Hunting sling     |   202 |   259 ||   461
Armor: Robe              |    10 |     6 ||    16
Dodge: Dodged            |    61 |    92 ||   153
